cohdb
Replays
Latest Replays
All Replays
Popular Replays
Top Player Replays
Match Explorer
How It Works
Community
CoH3 Stats
Reddit
Sign in to upload your games and track your stats! →
Sign in with Steam
Match 44503156
Unlisted
Match 44503156
Overview
Messages
Build Orders
End
Kradschützen Motorcycle Team
Panzergrenadier Squad
Selects Armored Support Battlegroup
250 Light Carrier
Construct Light Support Kompanie
Combat Half-tracks
MG34 Team
Construct Mechanized Kompanie
Selects Superior Fire Drills
Advanced Field Repairs
Selects Salvage Kits
Support Armor Elements
Pak 38 Mechanized Group
Marder III Tank Destroyer
StuG III D Assault Gun
Vehicle Survival Package
2.5-tonne Medical Truck
Selects Flammpanzer III Medium Tank
Flammpanzer III Medium Tank
Selects Salvage Kits
Marder III Tank Destroyer
Marder III Tank Destroyer
Emergency Repair Kits
Selects Panzer Storm
Construct Panzerarmee Kommand
Armored Reserves
Selects Stuka Anti-tank Loiter
Stuka Anti-tank Loiter
qwedcasxz
a young and small girl
woof_raff
Friendly Mouse(Poxie)
0
0
Comments
sign in to comment!
No comments posted yet!